 Dungeon Crawl Stone Soup version 0.22-a0-93-g6b88ebb (webtiles) character file.

120 KristoblXynda the Insei (level 4, -4/40 HPs)
             Began as a Draconian Monk on Jan 24, 2018.
             Slain by an iguana (11 damage)
             ... on level 4 of the Dungeon.
             The game lasted 00:03:24 (2512 turns).

KristoblXynda the Insei (Draconian Monk)            Turns: 2512, Time: 00:03:25

Health: -4/40      AC:  5    Str: 15    XL:     4   Next: 75%
Magic:  4/4        EV: 13    Int: 19    God:
Gold:   163        SH:  0    Dex: 14    Spells: 3/3 levels left

rFire    . . .     SeeInvis .     - Unarmed
rCold    + . .     Gourm    .   (no shield)
rNeg     . . .     Faith    .   (armour unavailable)
rPois    .         Spirit   .   (helmet restricted)
rElec    .         Reflect  .   (no cloak)
rCorr    .         Harm     .   (no gloves)
MR       .....                  (no boots)
Stlth    ++........             (no amulet)
HPRegen  0.13/turn              o - +2 ring of strength
MPRegen  0.09/turn              b - +3 ring of intelligence

@: brilliant
A: unfitting armour, antennae 1, stinger 1, cold resistance 1, cold-blooded, AC
+5
a: no special abilities


You were on level 4 of the Dungeon.
You were not hungry.

You visited 1 branch of the dungeon, and saw 4 of its levels.

You collected 163 gold pieces.

Inventory:

Missiles
 j - a throwing net (quivered)
Armour
 k - a +0 buckler
Jewellery
 b - a +3 ring of intelligence (right hand)
 o - a +2 ring of strength (left hand)
Scrolls
 c - a scroll of fog {unknown}
 d - 2 scrolls of identify {unknown}
 g - a scroll of fear {unknown}
 h - a scroll of random uselessness {unknown}
 i - 2 scrolls of teleportation {unknown}
 l - a scroll of amnesia {unknown}
Potions
 e - a potion of curing {unknown}
 f - a potion of brilliance
 m - a potion of agility {unknown}
 n - a potion of ambrosia {unknown}
 r - a potion of flight {unknown}
Books
 p - a book of Minor Magic

   Spells                             Type                      Level
   a - Magic Dart                     Conjuration                  1
   b - Blink                          Translocation                2
   c - Call Imp                       Summoning                    2
   d - Slow                           Hexes                        2
   e - Conjure Flame                  Conjuration/Fire             3
   f - Mephitic Cloud                 Conjuration/Poison/Air       3
Comestibles
 a - 3 rations


   Skills:
 + Level 4.1 Fighting
 + Level 3.3 Dodging
 - Level 1.7 Stealth
 + Level 0.8 Shields
 * Level 4.3 Unarmed Combat


You had 3 spell levels left.
You didn't know any spells.

Dungeon Overview and Level Annotations

Branches:
Dungeon (4/15)
 Temple: D:4-7

Altars:
Dithmenos
Ru


Innate Abilities, Weirdness & Mutations

Your plain brown scales are hard. (AC +5)
You cannot fit into any form of body armour.
You are cold-blooded and may be slowed by cold attacks.
You have a pair of small antennae on your head.
Your tail ends in a poisonous barb.
Your flesh is cold resistant. (rC+)


Message History

The iguana is heavily wounded.
The iguana bites you.
* * * LOW HITPOINT WARNING * * *
You hit the iguana but do no damage.
The iguana is heavily wounded.
The iguana completely misses you.
All of the chunks of flesh in your inventory have rotted away.
It was a potion of brilliance.
You feel clever all of a sudden. The iguana misses you.
You hit the iguana but do no damage.
The iguana is heavily wounded.
The iguana bites you.
* * * LOW HITPOINT WARNING * * *
The iguana closely misses you.
It was a potion of mutation.
You feel extremely strange.
You feel resistant to cold. A pair of antennae grows on your head!
A poisonous barb forms on the end of your tail.
The iguana bites you!
You die...

#.####### .(.
#.##....# ....
#.##....# .....
#######(##....##......
......................
######.#.....####.###
#.#.....# ..
##l#§§...#
#..##§.@.....#
......_..§...#
.#..#..§.....#
#..##(#.##### #. #.§.#
# ###.# #.# #.# #)#


You could see an iguana.

Vanquished Creatures
  An orc wizard (D:2)
  5 adders
  A worm (D:3)
  3 dart slugs
  2 leopard geckos (D:3)
  3 bats
  A giant cockroach (D:3)
  3 hobgoblins
  4 kobolds
  2 quokkas
  4 frilled lizards
  11 goblins
  A rat (D:1)
41 creatures vanquished.

Notes
Turn   | Place    | Note
-------+----------+-------------------------------------------
     0 | D:1      | KristoblXynda the Draconian Monk began the quest for the Orb.
     0 | D:1      | Reached XP level 1. HP: 19/19 MP: 1/1
   365 | D:1      | Reached XP level 2. HP: 24/26 MP: 2/2
  1010 | D:2      | Found a sacrificial altar of Ru.
  1024 | D:2      | Reached XP level 3. HP: 23/33 MP: 3/3
  1444 | D:2      | Reached XP level 4. HP: 40/40 MP: 4/4
  2249 | D:4      | Found a shadowy altar of Dithmenos.
  2512 | D:4      | Gained mutation: Your flesh is cold resistant. (rC+) [potion of mutation]
  2512 | D:4      | Gained mutation: You have a pair of small antennae on your head. [potion of mutation]
  2512 | D:4      | Gained mutation: Your tail ends in a poisonous barb. [potion of mutation]
  2512 | D:4      | Slain by an iguana

Vault maps used:
D:1:      matt_arrival_refuge
D:2:      nicolae_overflow_hidden_temple, first_ration,
          nicolae_ru_great_annihilating_truth
D:4:      black_bear_nest_2, grunt_dithmenos_smoke, serial_shops,
          nicolae_shop_overgrown_old_shop, uniq_natasha

Skill      XL: |  1  2  3  4 |
---------------+-------------+-----
Dodging        | 3 |  3.3
Unarmed Combat | 4 |  4.3
Fighting       | 4 |  4.1
Stealth        | |  1.7
Shields        | |  0.8

Action                   |  1- 3 |  4- 6 || total
-------------------------+-------+-------++-------
Melee: Unarmed           |    80 |    82 ||   162
       Tailslap          |    12 |     9 ||    21
       Punch             |     2 |       ||     2
  Use: Potion            |       |     2 ||     2
 Stab: Sleeping          |     5 |     1 ||     6
  Eat: Chunk             |     1 |     4 ||     5
Armor: Skin              |    19 |    17 ||    36
Dodge: Dodged            |    30 |    55 ||    85

Table legend:
 A = Spawn XP
 B = Non-spawn XP
 C = Spawn XP percentage of total XP
 D = Spawn monster count
 E = Non-spawn monster count
 F = Spawn count percentage of total count
 G = Total turns spent on level
                    A         B        C        D         E        F      G
               +---------+---------+-------+---------+---------+-------+---------
         Total |       0 |     172 |   0.0 |       0 |      41 |   0.0 |  2512
               +---------+---------+-------+---------+---------+-------+---------
           D:1 |       0 |      12 |   0.0 |       0 |       8 |   0.0 |   577
           D:2 |       0 |      90 |   0.0 |       0 |      19 |   0.0 |  1094
           D:3 |       0 |      56 |   0.0 |       0 |      13 |   0.0 |   578
           D:4 |       0 |      14 |   0.0 |       0 |       1 |   0.0 |   263
               +---------+---------+-------+---------+---------+-------+---------
